 Seeded DCSS version 0.30-a0-845-g7c6808c8ce (webtiles) character file.

Game seed: 2457308098960037161 (custom seed)

273 bmack86 the Chopper (level 6, -6/53 HPs)
             Began as a Minotaur Fighter on Mar 3, 2023.
             Mangled by Menkaure (14 damage)
             ... on level 3 of the Dungeon.
             The game lasted 00:06:09 (2330 turns).

bmack86 the Chopper (Minotaur Fighter)              Turns: 2330, Time: 00:06:09

Health: -6/53      AC: 11    Str: 22    XL:     6   Next: 2%
Magic:  5/5        EV:  7    Int: 11    God:
Gold:   197        SH:  4    Dex: 10    Spells: 5/5 levels left

rFire   . . .      SeeInvis .    a - +0 war axe
rCold   . . .      Faith    .    c - +0 buckler
rNeg    . . .      Spirit   .    o - +0 chain mail
rPois   .          Reflect  .    k - +2 hat
rElec   .          Rampage  .    (no cloak)
rCorr   .                        (no gloves)
Will    +....                    (no boots) Stlth
                                 (no amulet)
HPRegen 0.28/turn                j - ring of willpower
MPRegen 0.09/turn                i - +6 ring of intelligence

@: no status effects
A: horns 2, retaliatory headbutt
a: no special abilities


You were on level 3 of the Dungeon.
You visited 1 branch of the dungeon, and saw 4 of its levels.

You collected 197 gold pieces.

Inventory:

Hand Weapons
 a - a +0 war axe (weapon)
Missiles
 e - 6 curare-tipped darts
 p - 6 boomerangs (quivered)
 u - 11 poisoned darts
Armour
 c - a +0 buckler (worn)
 k - a +2 hat (worn)
 o - a +0 chain mail (worn)
Jewellery
 i - a +6 ring of intelligence (right hand)
 j - a ring of willpower (left hand)
 v - a +6 ring of intelligence
Wands
 y - a wand of iceblast (7)
Scrolls
 f - a scroll of vulnerability {unknown}
 g - a scroll of silence {unknown}
 h - 2 scrolls of magic mapping {unknown}
 q - a scroll of enchant armour {unknown}
 t - a scroll of acquirement {unknown}
 w - a scroll of teleportation {unknown}
Potions
 b - a potion of flight {unknown}
 d - 2 potions of might
 l - 2 potions of magic
 m - a potion of heal wounds
 n - a potion of attraction {unknown}
 r - 2 potions of curing
 s - a potion of brilliance {unknown}
 x - a potion of ambrosia {unknown}


   Skills:
 + Level 4.6 Fighting
 * Level 4.8 Axes
 + Level 2.1 Throwing
 + Level 4.8 Armour
 + Level 4.6 Shields


You had 5 spell levels left.
You didn't know any spells.
Your spell library was empty.

Dungeon Overview and Level Annotations

Branches:
Dungeon (4/15)
 Temple: D:4-7

Altars:

Annotations:
D:2 1 runed translucent door, Crazy Yiuf
D:3 Menkaure


Innate Abilities, Weirdness & Mutations

You have a pair of horns on your head.
You reflexively headbutt those who attack you in melee.


Message History

You kill the orc wizard!
You have reached level 6!
You climb downwards.
Level annotation: Menkaure Menkaure points at you and mumbles some strange words.
You resist with some effort.
The kobold throws a stone.
You block the stone.
There is a stone staircase leading up, spattered with blood here.
You throw a boomerang.
The boomerang hits Menkaure but does no damage.
The kobold throws a stone.
The stone hits you but does no damage.
You throw a boomerang. The boomerang barely misses Menkaure.
The kobold throws a stone.
The stone hits you but does no damage.
Menkaure gestures at you while chanting.
Pain shoots through your body!
You throw a boomerang. The boomerang barely misses Menkaure.
Menkaure gestures wildly while chanting.
Menkaure seems to speed up.
You throw a boomerang. The boomerang barely misses Menkaure.
Menkaure misses you. You furiously retaliate!
You headbutt Menkaure.
You climb upwards.
There is a stone staircase leading down, spattered with blood here.
Menkaure calls on the powers of darkness!
Your body is wracked with pain!
Things that are here:
a +0 robe; a +0 dagger; a quokka corpse Menkaure calls on the powers of darkness!
Your body is wracked with pain!
* * * LOW HITPOINT WARNING * * *
You block Menkaure's attack.
There is a stone staircase leading down, spattered with blood here.
You slash Menkaure!
You headbutt Menkaure, but do no damage.
Menkaure is heavily damaged.
Menkaure calls on the powers of darkness!
Your body is wracked with pain!
* * * LOW HITPOINT WARNING * * *
You slash Menkaure! Your headbutt misses Menkaure.
Menkaure is severely damaged.
Menkaure hits you!
You die...

#........##.# #)# #.#
##........##.#####.# #.#
..........##....##.# #†#
..........#####.##.# #.#
..........# #..).# #.#
..........########## #.#
).###.........# #.#
..###.........########.#
..'.'.........')@[.....#
..#.#.........##M#######
###.#)........##.#
....#.........##.#
.###############.#
..##### #.# ......# #.#
......# #.# ......#
###.##


You could see Menkaure (fast).

Vanquished Creatures
  A sleepcap (D:3)
  Ijyb (D:3)
  2 iguanas (D:3)
  An orc wizard (D:3)
  5 adders (D:3)
  A worm (D:3)
  5 dart slugs
  9 orcs (D:3)
  5 ball pythons
  5 endoplasms
  3 giant cockroaches
  3 goblins
  9 hobgoblins
  11 kobolds
  4 quokkas
  4 bats
  3 frilled lizards
  7 rats
79 creatures vanquished.

Vanquished Creatures (others)
  A plant (D:3)
1 creature vanquished.

Grand Total: 80 creatures vanquished

Notes
Turn   | Place    | Note
-------+----------+-------------------------------------------
     0 | D:1      | bmack86 the Minotaur Fighter began the quest for the Orb.
     0 | D:1      | Reached XP level 1. HP: 19/19 MP: 0/0
   159 | D:1      | Reached XP level 2. HP: 22/22 MP: 1/1
   706 | D:2      | Reached XP level 3. HP: 28/33 MP: 2/2
   708 | D:2      | Reached skill level 1 in Throwing
  1071 | D:2      | Found a runed translucent door.
  1072 | D:2      | Noticed Crazy Yiuf
  1443 | D:3      | Reached XP level 4. HP: 23/40 MP: 3/3
  2146 | D:4      | Noticed Ijyb
  2159 | D:3      | Killed Ijyb
  2160 | D:3      | Reached XP level 5. HP: 35/47 MP: 4/4
  2298 | D:4      | Noticed Menkaure
  2319 | D:3      | Reached XP level 6. HP: 53/53 MP: 5/5
  2330 | D:3      | Mangled by Menkaure

Illustrated notes

Levels and vault maps discovered:
D:1:      nicolae_arrival_somewhat_less_tricky_arrival, layout_rooms
D:2:      layout_loops_cross, uniq_crazy_yiuf_cottage
D:3:      corexii_shack_village, layout_basic
D:4:      layout_rooms, gammafunk_ghost_abyssal_escape, uniq_ijyb,
          uniq_menkaure, uniq_sigmund

Skill      XL: |  1  2  3  4  5 |
---------------+----------------+-----
Axes           | 3 4 |  4.8
Armour         | 4 |  4.8
Throwing       | 1 2 |  2.1
Shields        | 4 |  4.6
Fighting       | 4 |  4.6

Action                     |  1- 3 |  4- 6 || total
---------------------------+-------+-------++-------
  Melee: War axe           |    78 |    83 ||   161
         Headbutt          |    10 |    13 ||    23
  Throw: Boomerang         |     8 |     7 ||    15
    Use: Scroll            |     3 |       ||     3
 Armour: Scale mail        |    38 |       ||    38
         Chain mail        |    10 |    54 ||    64
  Dodge: Dodged            |    42 |    29 ||    71
  Block: Buckler           |    27 |    26 ||    53

Table legend: (Time is in decaauts)
 A = Elapsed time spent in this place.
 B = Non-inter-level travel time spent in this place.
 C = Inter-level travel time spent in this place.
 D = Time resting spent in this place.
 E = Time spent auto-exploring this place.
 F = Levels seen in this place.
 G = Mean time per level.
                   A        B        C        D        E       F      G
               +--------+--------+--------+--------+--------+-----+--------+
         Total |   2397 |   2287 |    110 |    190 |   1324 |   4 |  599.2 |
       Dungeon |   2397 |   2287 |    110 |    190 |   1324 |   4 |  599.2 |
               +--------+--------+--------+--------+--------+-----+--------+

Top non-repeatable levels by time:
     D:3: 983 daAuts
     D:2: 806 daAuts
     D:1: 585 daAuts
     D:4: 21 daAuts
